 Dungeon Crawl Stone Soup version 0.23.2-33-g5129a83184 (webtiles) character file.

Game seed: 15121700110770943987

8473 Felnil the Blocker (level 11, -2/133 HPs)
             Began as a Gnoll Fighter on Aug 5, 2019.
             Was a Priest of Qazlal.
             Slain by a freezing wraith (5 damage)
             ... in an ice cave.
             The game lasted 00:51:05 (9149 turns).

Felnil the Blocker (Gnoll Fighter)                  Turns: 9149, Time: 00:51:05

Health: -2/133     AC: 25    Str: 21    XL:     11   Next: 31%
Magic:  20/20      EV:  2    Int: 11    God:    Qazlal [***...]
Gold:   613        SH:  4    Dex: 17    Spells: 22/22 levels left

rFire    . . .     SeeInvis .   A - +4 quarterstaff (flame)
rCold    + . .     Gourm    .   (shield currently unavailable)
rNeg     + + +     Faith    .   (armour currently unavailable)
rPois    +         Spirit   .   (helmet currently unavailable)
rElec    .         Reflect  .   (cloak currently unavailable)
rCorr    .         Harm     .   (gloves currently unavailable)
MR       .....     NoTele   +   (boots currently unavailable)
Stlth    ++........             (no amulet)
HPRegen  0.32/turn              w - ring of protection from cold
MPRegen  0.17/turn              H - +3 ring of evasion

@: tree-form, slowed, very slow
A: distributed training, agile 1, wild magic 1, strong nose
a: Upheaval, Elemental Force, Renounce Religion


You were in an ice cave.
You worshipped Qazlal.
Qazlal was most pleased with you.
You were not hungry.
You were a tree.
You visited 2 branches of the dungeon, and saw 11 of its levels.
You also visited: Ice Cave.

You collected 613 gold pieces.

Inventory:

Hand Weapons
 a - a +0 war axe
 i - a +1 dagger of draining
 s - a +4 dagger of draining
 A - a +4 quarterstaff of flaming (weapon)
Missiles
 e - 5 tomahawks
 g - 192 arrows
 K - a throwing net (quivered)
Armour
 b - a +0 scale mail
 c - a +1 shield
 o - a +0 chain mail
 v - a +0 plate armour (melded)
 B - a +0 cloak (melded)
 D - a +0 ring mail
Jewellery
 w - a ring of protection from cold (left branch)
 H - a +3 ring of evasion (right branch)
Wands
 l - a wand of digging (4)
 t - a wand of polymorph (11)
 G - a wand of enslavement (14)
Scrolls
 y - a scroll of fear
 E - a scroll of remove curse
 F - a scroll of teleportation
Potions
 d - 3 potions of might
 h - a potion of magic
 j - a potion of curing
 k - 3 potions of resistance
 n - 2 potions of brilliance
 p - 2 potions of ambrosia
 q - 4 potions of cancellation
 r - 2 potions of flight
 u - a potion of lignification
 x - a potion of berserk rage {unknown}
 z - a potion of agility {unknown}
 C - 2 potions of haste {unknown}
Comestibles
 f - 13 rations


   Skills:
 + Level 9.0 Fighting
 + Level 6.0 Short Blades
 + Level 6.0 Long Blades
 + Level 7.7 Axes
 + Level 6.0 Maces & Flails
 + Level 6.0 Polearms
 + Level 6.0 Staves
 + Level 6.0 Slings
 + Level 6.0 Bows
 + Level 6.0 Crossbows
 + Level 6.0 Throwing
 + Level 9.0 Armour
 + Level 6.0 Dodging
 + Level 6.0 Stealth
 + Level 9.0 Shields
 + Level 6.0 Unarmed Combat
 + Level 6.0 Spellcasting
 + Level 5.0 Conjurations
 + Level 5.0 Hexes
 + Level 5.0 Charms
 + Level 5.0 Summonings
 + Level 5.0 Necromancy
 + Level 5.0 Translocations
 + Level 5.0 Transmutations
 + Level 5.0 Fire Magic
 + Level 5.0 Ice Magic
 + Level 5.0 Air Magic
 + Level 5.0 Earth Magic
 + Level 5.0 Poison Magic
 + Level 6.6 Invocations
 + Level 6.0 Evocations


You had 22 spell levels left.
You didn't know any spells.
Your spell library was empty.

Dungeon Overview and Level Annotations

Branches:
Dungeon (10/15)            Temple (0/1) D:6            Lair (1/6) D:10
    Orc: D:9-12

Altars:
Ashenzari
Cheibriados
Dithmenos
Makhleb
Okawaru
Qazlal
Ru
Sif Muna
Vehumet
Xom
Yredelemnul
Zin
The Shining One

Shops:
D:8 }


Innate Abilities, Weirdness & Mutations

Your experience applies equally to all skills.
((You have very sharp teeth.))
Your uncanny sense of smell can sniff out nearby items.
((You are partially covered in large bone plates. (SH +4)))
You are agile. (Dex +2)
Your spells are a little harder to cast, but a little more powerful.


Message History

The freezing wraith drains your vigour!
You feel as though you will be slow longer.
You block the freezing wraith's attack.
The freezing wraith hits you but does no damage.
You hit the freezing wraith but do no damage.
The freezing wraith is moderately damaged.
The freezing wraith hits you.
* * * LOW HITPOINT WARNING * * *
The freezing wraith freezes you! You resist.
* * * LOW HITPOINT WARNING * * *
The freezing wraith hits you but does no damage.
You feel better. The freezing wraith hits you.
* * * LOW HITPOINT WARNING * * *
The freezing wraith freezes you! You resist.
* * * LOW HITPOINT WARNING * * *
The freezing wraith hits you but does no damage.
The freezing wraith hits you.
* * * LOW HITPOINT WARNING * * *
The freezing wraith freezes you. You resist.
You die...

###### ###....##
###.......#
##...###..##
##.W♣###..##
##..°###..##
#...###...#
#....## #..##
##### #....##
#...### ###...##
#..##
##..5.###.......
#..
##.............
##
####5.........
##.........


You could see a freezing wraith.

Vanquished Creatures
  A two-headed ogre (D:6)
  A spiny frog (Lair:1)
  3 freezing wraiths (IceCv)
  A hippogriff (Lair:1)
  Sigmund (D:3)
  11 yaks
  A death yak simulacrum (IceCv)
  2 water moccasins (Lair:1)
  2 porcupines (Lair:1)
  7 ice beasts
  2 sky beasts (D:6)
  3 phantoms
  4 ogres
  5 centaurs
  2 crocodiles
  A big kobold (D:9)
  4 bullfrogs
  A wyvern zombie (D:8)
  6 scorpions
  8 killer bees (D:8)
  A howler monkey (D:5)
  A centaur zombie (D:9)
  4 crimson imps
  Crazy Yiuf (D:4)
  3 centaur skeletons
  2 orc wizards
  2 bullfrog skeletons
  An orc priest (D:4)
  5 hounds
  Jessica (D:3)
  An iguana (D:8)
  Natasha (thrice) (D:2)
  3 worker ants
  2 wolf simulacra (IceCv)
  A polar bear simulacrum (IceCv)
  A killer bee zombie (D:8)
  A worker ant zombie (D:5)
  Robin (D:2)
  5 gnolls
  17 adders
  A shadow imp (D:9)
  17 white imps
  An ooze (D:3)
  An adder zombie (D:8)
  An adder skeleton (D:6)
  A worm (D:2)
  3 dart slugs
  A leopard gecko (D:1)
  18 orcs
  4 giant cockroaches
  20 goblins
  10 hobgoblins
  6 jackals
  13 kobolds
  4 quokkas
  3 ball pythons (D:1)
  17 bats
  7 frilled lizards
  A giant cockroach zombie (D:5)
  A quokka skeleton (D:4)
  8 rats
260 creatures vanquished.

Vanquished Creatures (others)
  2 gnolls (D:6)
2 creatures vanquished.

Grand Total: 262 creatures vanquished

Notes
Turn   | Place    | Note
-------+----------+-------------------------------------------
     0 | D:1      | Felnil the Gnoll Fighter began the quest for the Orb.
     0 | D:1      | Reached XP level 1. HP: 23/23 MP: 1/1
   199 | D:1      | Reached XP level 2. HP: 26/29 MP: 2/2
   516 | D:1      | Reached XP level 3. HP: 35/35 MP: 3/3
   838 | D:2      | Reached skill level 1 in Invocations
   879 | D:2      | Noticed Natasha
   888 | D:2      | Killed Natasha
   888 | D:2      | Reached skill level 1 in Short Blades
   888 | D:2      | Reached skill level 1 in Long Blades
   888 | D:2      | Reached skill level 1 in Maces & Flails
   888 | D:2      | Reached skill level 1 in Polearms
   888 | D:2      | Reached skill level 1 in Staves
   888 | D:2      | Reached skill level 1 in Slings
   888 | D:2      | Reached skill level 1 in Bows
   888 | D:2      | Reached skill level 1 in Crossbows
   888 | D:2      | Reached skill level 1 in Throwing
   888 | D:2      | Reached skill level 1 in Dodging
   888 | D:2      | Reached skill level 1 in Stealth
   888 | D:2      | Reached skill level 1 in Unarmed Combat
   888 | D:2      | Reached skill level 1 in Spellcasting
   888 | D:2      | Reached skill level 1 in Evocations
   888 | D:2      | Reached XP level 4. HP: 41/41 MP: 5/5
   944 | D:2      | Noticed Robin
   991 | D:2      | Killed Robin
  1007 | D:2      | Reached skill level 1 in Conjurations
  1007 | D:2      | Reached skill level 1 in Hexes
  1007 | D:2      | Reached skill level 1 in Charms
  1007 | D:2      | Reached skill level 1 in Summonings
  1007 | D:2      | Reached skill level 1 in Necromancy
  1007 | D:2      | Reached skill level 1 in Translocations
  1007 | D:2      | Reached skill level 1 in Transmutations
  1007 | D:2      | Reached skill level 1 in Fire Magic
  1007 | D:2      | Reached skill level 1 in Ice Magic
  1007 | D:2      | Reached skill level 1 in Air Magic
  1007 | D:2      | Reached skill level 1 in Earth Magic
  1007 | D:2      | Reached skill level 1 in Poison Magic
  1069 | D:2      | Noticed Natasha
  1077 | D:2      | Killed Natasha
  1077 | D:2      | Reached XP level 5. HP: 41/47 MP: 6/6
  1166 | D:2      | Gained mutation: You are occasionally teleported next to
                  | monsters. [potion of mutation]
  1166 | D:2      | Gained mutation: You are partially covered in rugged brown
                  | scales. (AC +1, +3% HP) [potion of mutation]
  1195 | D:2      | Found a snail-covered altar of Cheibriados.
  1195 | D:2      | Noticed Natasha
  1205 | D:2      | Killed Natasha
  1551 | D:3      | Found a glowing silver altar of Zin.
  1575 | D:3      | Found a shattered altar of Ashenzari.
  1595 | D:3      | Noticed Jessica
  1605 | D:3      | Killed Jessica
  1645 | D:3      | Reached XP level 6. HP: 46/54 MP: 8/8
  1742 | D:3      | Found a burning altar of Makhleb.
  1796 | D:3      | Noticed Sigmund
  1824 | D:3      | Killed Sigmund
  1824 | D:3      | Reached skill level 5 in Axes
  2218 | D:3      | Found a basalt altar of Yredelemnul.
  2628 | D:4      | Reached XP level 7. HP: 59/60 MP: 10/10
  3311 | D:4      | Found a runed translucent door.
  3312 | D:4      | Noticed Crazy Yiuf
  3323 | D:4      | Killed Crazy Yiuf
  3406 | D:5      | Entered Level 5 of the Dungeon
  3581 | D:5      | Reached XP level 8. HP: 58/69 MP: 12/12
  3756 | D:5      | Found a stormy altar of Qazlal.
  3807 | D:5      | Became a worshipper of Qazlal Stormbringer
  4377 | D:6      | Noticed a two-headed ogre
  4386 | D:6      | Killed a two-headed ogre
  4386 | D:6      | Reached XP level 9. HP: 55/75 MP: 12/14
  4569 | D:6      | Found a staircase to the Ecumenical Temple.
  4998 | D:7      | Found an iron altar of Okawaru.
  5050 | D:7      | Reached * piety under Qazlal
  5893 | D:8      | Reached skill level 5 in Invocations
  5917 | D:8      | Found a deep blue altar of Sif Muna.
  5917 | D:8      | Found a shimmering altar of Xom.
  5973 | D:8      | Reached XP level 10. HP: 31/82 MP: 15/17
  6203 | D:8      | Found a shadowy altar of Dithmenos.
  6222 | D:8      | Found a stormy altar of Qazlal.
  6224 | D:8      | Found a glowing golden altar of the Shining One.
  6264 | D:8      | Found Fica's Gadget Shoppe.
  6674 | D:8      | Found a radiant altar of Vehumet.
  7043 | D:8      | Lost mutation: You are occasionally teleported next to
                  | monsters. [potion of mutation]
  7043 | D:8      | Lost mutation: You are partially covered in rugged brown
                  | scales. (AC +1, +3% HP) [potion of mutation]
  7043 | D:8      | Gained mutation: Your spells are a little harder to cast,
                  | but a little more powerful. [potion of mutation]
  7043 | D:8      | Gained mutation: You are agile. (Dex +2) [potion of
                  | mutation]
  7043 | D:8      | Gained mutation: You are partially covered in large bone
                  | plates. (SH +4) [potion of mutation]
  7283 | D:9      | Reached ** piety under Qazlal
  7284 | D:9      | Reached skill level 5 in Short Blades
  7284 | D:9      | Reached skill level 5 in Long Blades
  7284 | D:9      | Reached skill level 5 in Maces & Flails
  7284 | D:9      | Reached skill level 5 in Polearms
  7284 | D:9      | Reached skill level 5 in Staves
  7284 | D:9      | Reached skill level 5 in Slings
  7284 | D:9      | Reached skill level 5 in Bows
  7284 | D:9      | Reached skill level 5 in Crossbows
  7284 | D:9      | Reached skill level 5 in Throwing
  7284 | D:9      | Reached skill level 5 in Dodging
  7284 | D:9      | Reached skill level 5 in Stealth
  7284 | D:9      | Reached skill level 5 in Unarmed Combat
  7284 | D:9      | Reached skill level 5 in Spellcasting
  7284 | D:9      | Reached skill level 5 in Evocations
  7792 | D:9      | Found a sacrificial altar of Ru.
  8273 | D:10     | Entered Level 10 of the Dungeon
  8308 | D:10     | Found a staircase to the Lair.
  8318 | Lair:1   | Entered Level 1 of the Lair of Beasts
  8461 | Lair:1   | Reached XP level 11. HP: 60/87 MP: 19/19
  8508 | Lair:1   | Found a frozen archway.
  8548 | Lair:1   | Reached *** piety under Qazlal
  8568 | IceCv    | Entered an ice cave
  8917 | IceCv    | Reached skill level 5 in Conjurations
  8917 | IceCv    | Reached skill level 5 in Hexes
  8917 | IceCv    | Reached skill level 5 in Charms
  8917 | IceCv    | Reached skill level 5 in Summonings
  8917 | IceCv    | Reached skill level 5 in Necromancy
  8917 | IceCv    | Reached skill level 5 in Translocations
  8917 | IceCv    | Reached skill level 5 in Transmutations
  8917 | IceCv    | Reached skill level 5 in Fire Magic
  8917 | IceCv    | Reached skill level 5 in Ice Magic
  8917 | IceCv    | Reached skill level 5 in Air Magic
  8917 | IceCv    | Reached skill level 5 in Earth Magic
  8917 | IceCv    | Reached skill level 5 in Poison Magic
  9127 | IceCv    | HP: 4/89 [freezing wraith (5)]
  9148 | IceCv    | HP: 6/133 [freezing wraith (8)]
  9149 | IceCv    | Slain by a freezing wraith

Skill      XL: |  1  2  3  4  5  6  7  8  9 10 11 |
---------------+----------------------------------+-----
Invocations    | 1 2 3 4 5 6 |  6.6
Short Blades   | 1 2 3 4 5 6 |  6.0
Long Blades    | 1 2 3 4 5 6 |  6.0
Maces & Flails | 1 2 3 4 5 6 |  6.0
Polearms       | 1 2 3 4 5 6 |  6.0
Staves         | 1 2 3 4 5 6 |  6.0
Slings         | 1 2 3 4 5 6 |  6.0
Bows           | 1 2 3 4 5 6 |  6.0
Crossbows      | 1 2 3 4 5 6 |  6.0
Throwing       | 1 2 3 4 5 6 |  6.0
Dodging        | 1 2 3 4 5 6 |  6.0
Stealth        | 1 2 3 4 5 6 |  6.0
Unarmed Combat | 1 2 3 4 5 6 |  6.0
Spellcasting   | 1 2 3 4 5 6 |  6.0
Evocations     | 1 2 3 4 5 6 |  6.0
Conjurations   | 1 2 3 4 5 |  5.0
Hexes          | 1 2 3 4 5 |  5.0
Charms         | 1 2 3 4 5 |  5.0
Summonings     | 1 2 3 4 5 |  5.0
Necromancy     | 1 2 3 4 5 |  5.0
Translocations | 1 2 3 4 5 |  5.0
Transmutations | 1 2 3 4 5 |  5.0
Fire Magic     | 1 2 3 4 5 |  5.0
Ice Magic      | 1 2 3 4 5 |  5.0
Air Magic      | 1 2 3 4 5 |  5.0
Earth Magic    | 1 2 3 4 5 |  5.0
Poison Magic   | 1 2 3 4 5 |  5.0
Axes           | 5 6 7 |  7.7
Fighting       | 7 8 9 |  9.0
Armour         | 7 8 9 |  9.0
Shields        | 7 8 9 |  9.0

Action                   |  1- 3 |  4- 6 |  7- 9 | 10-12 || total
-------------------------+-------+-------+-------+-------++-------
Melee: Dagger            |    93 |   215 |    58 |       ||   366
       Bite              |    10 |    19 |    46 |    49 ||   124
       War axe           |     1 |       |       |       ||     1
       Quarterstaff      |       |       |   235 |   297 ||   532
Throw: Tomahawk          |     3 |       |       |       ||     3
       Throwing net      |       |       |     1 |     3 ||     4
Evoke: Wand              |       |       |       |     1 ||     1
  Use: Scroll            |       |     9 |     9 |     8 ||    26
       Potion            |       |     1 |       |     8 ||     9
 Stab: Held in net/web   |       |       |     1 |     1 ||     2
       Petrified         |       |       |     1 |       ||     1
  Eat: Chunk             |       |     5 |     8 |     3 ||    16
       Ration            |       |       |     1 |     3 ||     4
Armor: Scale mail        |    40 |    65 |       |       ||   105
       Plate armour      |       |    12 |   204 |   184 ||   400
       Ring mail         |       |       |     1 |       ||     1
       Skin              |       |       |       |     6 ||     6
Dodge: Dodged            |    30 |    62 |   136 |   226 ||   454
Block: Shield            |    52 |   138 |    21 |       ||   211
       Other             |       |       |     5 |   119 ||   124
